 Dungeon Crawl Stone Soup version 0.29.1-1-gd02db6906a (webtiles) character file.

Game seed: 6116876515652639552

441 zxpr0jk the Chiller (level 6, -2/40 HPs)
             Began as a Draconian Ice Elementalist on Sept 11, 2022.
             Slain by an ice beast (3 damage)
             ... on level 5 of the Dungeon on Sept 17, 2022.
             The game lasted 00:16:28 (4248 turns).

zxpr0jk the Chiller (Draconian Ice Elementalist)    Turns: 4248, Time: 00:16:29

Health: -2/40      AC:  6    Str: 11    XL:     6   Next: 70%
Magic:  0/11       EV: 12    Int: 15    God:
Gold:   151        SH:  0    Dex: 13    Spells: 7/11 levels left

rFire   . . .      SeeInvis .   k - staff of conjuration
rCold   . . .      Faith    .   (no shield)
rNeg    . . .      Spirit   +   (body armour unavailable)
rPois   .          Reflect  .   (helmet restricted)
rElec   .          Harm     .   (no cloak)
rCorr   .          Rampage  .   (no gloves)
Will    .....      Clarity  +   (no boots)
Stlth   ++........              n - amulet of guardian spirit
HPRegen 0.13/turn               (no ring)
MPRegen 0.12/turn               (no ring)

@: flying, slowed, very slow
A: AC +6, unfitting armour, cold-blooded, clarity, frail 1, MP-powered wands
a: no special abilities


You were on level 5 of the Dungeon.
You visited 1 branch of the dungeon, and saw 5 of its levels.

You collected 151 gold pieces.

Inventory:

Magical Staves
 k - a staff of conjuration (weapon)
Jewellery
 n - an amulet of guardian spirit (around neck)
Wands
 r - a wand of digging (3)
Scrolls
 b - a scroll of fear {unknown}
 e - 2 scrolls of enchant weapon
 f - 6 scrolls of identify
 g - 3 scrolls of teleportation {unknown}
 h - 4 scrolls of magic mapping {unknown}
 m - 3 scrolls of immolation {unknown}
 q - a scroll of poison {unknown}


   Skills:
 + Level 1.3 Staves
 - Level 1.8 Dodging
 - Level 1.8 Stealth
 - Level 3.3 Spellcasting
 * Level 3.5 Conjurations
 + Level 6.1 Ice Magic


You had 7 spell levels left.
You knew the following spells:

 Your Spells              Type           Power      Damage    Failure   Level
a - Freeze                Ice            84%        1d10      1%          1
b - Ozocubu's Armour      Ice            21%        N/A       4%          3

Your spell library contained the following spells:

 Spells                   Type           Power      Damage    Failure   Level
 Frozen Ramparts          Ice            42%        1d7       4%          3
 Static Discharge         Conj/Air       11%        3-5/arc   14%         2
 Slow                     Hex            8%         N/A       19%         1
 Hailstorm                Conj/Ice       25%        3d7       26%         4
 Stone Arrow              Conj/Erth      22%        3d8       28%         3
 Confusing Touch          Hex            2%         N/A       50%         3
 Gell's Gravitas          Tloc           2%         N/A       50%         3
 Lesser Beckoning         Tloc           2%         N/A       50%         3
 Teleport Other           Tloc           2%         N/A       50%         3
 Vampiric Draining        Necr           2%         2d6       50%         3
 Lightning Bolt           Conj/Air       5%         1d17      95%         5
 Lehudib's Crystal Spear  Conj/Erth      5%         10d3      100%        8
 Maxwell's Capacitive Co  Air            1%         ∞         100%        8
 Animate Armour           Summ/Erth      Unusable   N/A       N/A         4

Dungeon Overview and Level Annotations

Branches:
Dungeon (5/15)
 Temple: D:4-7

Altars:
Fedhas
Makhleb
Zin

Shops:
D:4 *!   D:5 *


Innate Abilities, Weirdness & Mutations

Your plain brown scales are hard. (AC +6)
You cannot fit into any form of body armour.
You are cold-blooded and may be slowed by cold attacks.
You possess an exceptional clarity of mind.
You are frail. (-10% HP)
You expend magic power (3 MP) to strengthen your wands.


Message History

Aim: a centaur (moderately wounded)
You freeze the centaur!
The centaur is severely wounded.
The centaur hits you but does no damage.
The centaur kicks you. The centaur completely misses you.
The centaur kicks you but does no damage.
The ice beast hits you. The ice beast freezes you.
You feel yourself slow down.
Casting: Freeze (safe; 1% risk of failure)
Confirm with . or Enter, or press ? or * to list all spells.
Aiming: Freeze (safe; 1% risk of failure)
Press: ? - help, Shift-Dir - straight line, f/p - centaur
Aim: a centaur (severely wounded)
You freeze the centaur.
You kill the centaur!
The ice beast closely misses you.
You feel your dexterity returning.
Your Staves skill increases to level 1!
Sorry, you're not good enough to have a special ability.
The ice beast attacks as you move away! The ice beast hits you.
The ice beast freezes you!
* * * LOW HITPOINT WARNING * * *
You feel yourself speed up.
The ice beast hits you but does no damage.
Things that are here:
a +0 shortbow; a centaur corpse
Okay, then.
It was a potion of flight.
You feel very buoyant.
You fly up into the air.
The ice beast closely misses you.
As you read the scroll labelled OFEFRY RUOBESH, it crumbles to dust.
It is a scroll of identify.
e - 2 scrolls of enchant weapon The ice beast hits you.
* * * LOW HITPOINT WARNING * * *
The ice beast freezes you.
You feel yourself slow down.
* * * LOW HITPOINT WARNING * * *
As you read the scroll labelled TIUHIU NALI, it crumbles to dust.
Wisps of shadow whirl around you...
It was a scroll of summoning.
The ice beast hits you.
You die...

#.####..# #.#~.~~.#
##### #.#.~~.~#
#.... #.#.._~.#
####.###
#.#~≈~o.####...#...
#h#...o.......###..
#h##o..#####...#.##
#.@Y..##.........#
#####o##.####....##
#.##.# ##......
#.##.# #.......
###Y##.# ##.....#
#$.....# #....##
#....#### #.#.##
#.#... #.#.#
#......# #.#.


You could see an ice beast (ally target), 2 friendly hounds and 4 friendly orcs.

Vanquished Creatures
  Duvessa (D:4)
  An ogre (D:5)
  A centaur (D:5)
  Dowan (D:4)
  2 orc wizards (D:4)
  A gnoll (D:1)
  2 adders
  2 worms (D:3)
  A dart slug (D:1)
  An orc (D:3)
  7 endoplasms
  4 giant cockroaches
  5 goblins
  2 hobgoblins
  5 kobolds
  3 quokkas
  8 ball pythons
  3 bats (D:2)
  4 frilled lizards
  3 rats
57 creatures vanquished.

Vanquished Creatures (others)
  An orc wizard (D:4)
1 creature vanquished.

Grand Total: 58 creatures vanquished

Notes
Turn   | Place    | Note
-------+----------+-------------------------------------------
     0 | D:1      | zxpr0jk the Draconian Ice Elementalist began the quest for
                  | the Orb.
     0 | D:1      | Reached XP level 1. HP: 14/14 MP: 3/3
   209 | D:1      | Reached XP level 2. HP: 19/20 MP: 3/5
   814 | D:1      | Reached XP level 3. HP: 18/26 MP: 2/6
  1002 | D:2      | Learned a level 3 spell: Ozocubu's Armour
  1610 | D:2      | Reached skill level 5 in Ice Magic
  1981 | D:3      | Found a burning altar of Makhleb.
  1983 | D:3      | Noticed an Executioner
  2123 | D:3      | Found a glowing silver altar of Zin.
  2261 | D:3      | Reached XP level 4. HP: 32/33 MP: 6/8
  2302 | D:3      | Found a faded altar of an unknown god.
  2734 | D:4      | Reached skill level 1 in Conjurations
  3167 | D:4      | Found Facybi's Overcharged Wands.
  3193 | D:4      | Noticed Duvessa
  3194 | D:4      | Noticed Dowan
  3276 | D:4      | Killed Duvessa
  3277 | D:4      | Reached XP level 5. HP: 22/38 MP: 5/9
  3285 | D:4      | Gained mutation: You expend magic power (3 MP) to
                  | strengthen your wands. [potion of mutation]
  3285 | D:4      | Gained mutation: You are frail. (-10% HP) [potion of
                  | mutation]
  3285 | D:4      | Gained mutation: You possess an exceptional clarity of
                  | mind. [potion of mutation]
  3303 | D:4      | Killed Dowan
  3304 | D:4      | Reached XP level 6. HP: 33/40 MP: 8/10
  3583 | D:4      | Found Tahur's Distillery.
  3980 | D:5      | Entered Level 5 of the Dungeon
  4027 | D:5      | Found Onlos's General Store.
  4077 | D:5      | Reached skill level 6 in Ice Magic
  4232 | D:5      | Noticed an ice beast
  4234 | D:5      | Found a blossoming altar of Fedhas.
  4243 | D:5      | Upgraded the game from 0.29.0-15-g675c0067aa to
                  | 0.29.1-1-gd02db6906a
  4245 | D:5      | Reached skill level 1 in Staves
  4247 | D:5      | HP: 1/40 [ice beast (4)]
  4248 | D:5      | Slain by an ice beast

Illustrated notes

Levels and vault maps discovered:
D:1:      doesnt_arrival_eight_statues, layout_rooms
D:2:      layout_rooms
D:3:      layout_basic, zin_academy, makhleb_altar_promises_db,
          hellmonk_ecumenical_altar_inner_sanctum
D:4:      minmay_wonky_spiral, layout_loops_ring, serial_shops, kennysheep_mini,
          minmay_misc_feat_tower, minmay_misc_feat_tiny,
          nicolae_shop_overcharged_wands, uniq_duvessa
D:5:      layout_loops_ring, fedhas_altar_2, minmay_temple_entry_slanted,
          ebering_ghost_disaster_area, serial_shops, nicolae_take_the_stairs,
          nicolae_underground_beach

Skill      XL: |  1  2  3  4  5  6 |
---------------+-------------------+-----
Ice Magic      | 5 6 |  6.1
Conjurations   | 2 3 |  3.5
Spellcasting   | 3 |  3.3
Staves         | 1 |  1.3
Dodging        | |  1.8
Stealth        | |  1.8

Action                   |  1- 3 |  4- 6 || total
-------------------------+-------+-------++-------
Melee: Dagger            |    93 |    38 ||   131
       Tailslap          |    16 |     3 ||    19
       Staff             |       |    19 ||    19
       Punch             |       |     1 ||     1
 Cast: Freeze            |    38 |    42 ||    80
       Ozocubu's Armour  |       |     2 ||     2
  Use: Potion            |       |    12 ||    12
       Scroll            |       |     2 ||     2
 Stab: Sleeping          |     1 |     1 ||     2
Armor: Skin              |    42 |    49 ||    91
Dodge: Dodged            |    69 |    44 ||   113
